 Dungeon Crawl Stone Soup version 0.31-a0-145-g046c7d2549 (webtiles) character file.

Game seed: 1200736198525400038

52560 Pooter the Severer (level 14, -12/129 HPs)
             Began as a Minotaur Monk on June 5, 2023.
             Was the Champion of Makhleb.
             Killed from afar by a deep elf zephyrmancer (24 damage)
             ... with a bolt of lightning
             ... on level 11 of the Dungeon.
             The game lasted 01:45:56 (23712 turns).

Pooter the Severer (Minotaur Monk)                 Turns: 23712, Time: 01:45:56

Health: -12/129    AC: 15    Str: 27    XL:     14   Next: 27%
Magic:  18/18      EV: 11    Int:  7    God:    Makhleb [******]
Gold:   1196       SH:  0    Dex: 17    Spells: 13/13 levels left

rFire   + . .        a - +0 battleaxe
rCold   . . .        (shield currently unavailable)
rNeg    . . .        h - +6 scale mail of Hoshruen {Rampage Drain rF+ Slay+6}
rPois   +            M - +2 hat {Stlth+}
rElec   .            e - scarf {+Inv}
rCorr   .            (no gloves)
SInv    .            m - +0 pair of boots
Will    .....        L - amulet of faith {!P}
Stlth   ++           I - +6 ring of strength
HPRegen 0.41/turn    o - ring of Nurph {rPois Will- Str+2 Dex+2 Slay+4}
MPRegen 0.16/turn

%: rampage, faith
@: no status effects
A: horns 2, retaliatory headbutt, hooves 1
a: Renounce Religion, Evoke Invisibility, Minor Destruction, Lesser Servant of
Makhleb, Major Destruction, Greater Servant of Makhleb


You were on level 11 of the Dungeon.
You worshipped Makhleb.
Makhleb was exalted by your worship.
You visited 2 branches of the dungeon, and saw 16 of its levels.
You also visited: Ossuary and Bailey.

You collected 1569 gold pieces.
You spent 373 gold pieces at shops.

Inventory:

Hand Weapons
 a - a +0 battleaxe (weapon)
   (You took it off an orc warrior in a bailey)
 b - a +2 orcbow of freezing
   (You found it on level 3 of the Dungeon)
 c - a +0 eveningstar of draining
   (You found it on level 5 of the Lair of Beasts)
 K - the +7 short sword of the Unstoppable Moons {flame, rN+ rCorr}
   (You found it on level 2 of the Dungeon)

   rN:        It protects you from negative energy.
   rCorr:     It protects you from acid and corrosion.
 R - a +5 spear of venom
   (You took it off a gnoll sergeant on level 7 of the Dungeon)
Missiles
 i - 4 atropa-tipped darts
 n - 38 boomerangs (quivered)
 s - 8 datura-tipped darts
 z - 2 boomerangs of dispersal {!f}
 A - 14 curare-tipped darts
 Q - 65 stones
 T - 6 silver boomerangs
 V - 31 poisoned darts
 Z - 2 javelins
Armour
 e - a scarf of invisibility (worn)
   (You found it on level 1 of the Dungeon)
 h - the +6 scale mail of Hoshruen (worn) {Rampage Drain rF+ Slay+6}
   (You found it on level 3 of the Lair of Beasts)

   Slay:      It affects your accuracy & damage with ranged weapons and melee
   (+6).
   rF:        It protects you from fire.
   Drain:     It drains your maximum health when unequipped.
   Rampage:   It bestows one free step when moving towards enemies.
 m - a +0 pair of boots (worn)
   (You found it on level 8 of the Dungeon)
 p - a +7 chain mail of poison resistance
   (You took it off Terence on level 2 of the Dungeon)
 M - a +2 hat of stealth (worn)
   (You took it off Gastronok on level 1 of the Lair of Beasts)
Jewellery
 o - the ring of Nurph (right hand) {rPois Will- Str+2 Dex+2 Slay+4}
   (You acquired it on level 4 of the Dungeon)

   [ring of slaying]

   Str:       It affects your strength (+2).
   Dex:       It affects your dexterity (+2).
   Slay:      It affects your accuracy & damage with ranged weapons and melee
   (+4).
   rPois:     It protects you from poison.
   Will:      It decreases your willpower.
 r - a ring of flight
   (You found it on level 3 of the Lair of Beasts)
 F - a ring of protection from fire
   (You found it on level 1 of the Dungeon)
 G - an amulet of guardian spirit
   (You found it on level 7 of the Dungeon)
 I - a +6 ring of strength (left hand)
   (You found it on level 8 of the Dungeon)
 L - an amulet of faith (around neck) {!P}
   (You took it off a wight on level 6 of the Dungeon)
 N - a ring of positive energy
   (You found it on level 3 of the Dungeon)
 P - a ring of poison resistance
   (You found it on level 8 of the Dungeon)
Wands
 d - a wand of iceblast (6)
   (You took it off Ijyb on level 3 of the Dungeon)
 f - a wand of flame (7)
   (You found it on level 8 of the Dungeon)
 x - a wand of acid (6)
   (You found it on level 5 of the Lair of Beasts)
 C - a wand of mindburst (36)
   (You found it on level 5 of the Dungeon)
 D - a wand of digging (1)
   (You found it on level 9 of the Dungeon)
 S - a wand of polymorph (4)
   (You found it in a bailey)
 Y - a wand of charming (10)
   (You found it on level 9 of the Dungeon)
Scrolls
 g - 2 scrolls of immolation {!r}
 j - a scroll of poison {!r}
 l - 3 scrolls of fog
 t - 4 scrolls of teleportation {@r4}
 w - a scroll of noise {!r}
 y - 3 scrolls of fear
 U - a scroll of magic mapping
Potions
 k - 5 potions of attraction {!q}
 q - 3 potions of might
 u - 2 potions of lignification {unknown}
 v - 8 potions of haste {@q3}
 B - 3 potions of curing {@q1}
 E - 2 potions of berserk rage {unknown}
 H - a potion of experience {unknown}
 J - a potion of brilliance {unknown}
 O - 4 potions of cancellation
 W - 4 potions of heal wounds {@q2}
 X - 3 potions of enlightenment {unknown}


   Skills:
 + Level 13.0 Fighting
 - Level 11.0 Short Blades
 * Level 17.9 Axes
 * Level 15.5 Ranged Weapons
 - Level 3.2 Dodging
 - Level 3.6 Stealth
 + Level 7.6 Invocations
 + Level 2.0 Evocations


You had 13 spell levels left.
You didn't know any spells.
Your spell library contained the following spells:

 Spells                   Type           Power      Damage    Failure   Level
 Freeze                   Ice            0%         1d3       73%         1
 Shock                    Conj/Air       0%         1d3       73%         1
 Sting                    Tmut/Pois      0%         1d3       73%         1
 Blink                    Tloc           0%         N/A       86%         2
 Lesser Beckoning         Tloc           0%         N/A       86%         2
 Momentum Strike          Conj/Tloc      0%         3d8       86%         2
 Inner Flame              Hex/Fire       0%         N/A       97%         3
 Ozocubu's Armour         Ice            0%         N/A       97%         3
 Spider Form              Tmut/Pois      0%         N/A       97%         3
 Stone Arrow              Conj/Erth      0%         3d7       97%         3
 Swiftness                Air            0%         N/A       97%         3
 Airstrike                Air            0%         2d(0-16)  100%        4
 Animate Armour           Summ/Erth      0%         N/A       100%        4
 Flame Wave               Conj/Fire      0%         2d4       100%        4
 Leda's Liquefaction      Hex/Erth       0%         N/A       100%        4
 Manifold Assault         Tloc           0%         N/A       100%        4
 Sticky Flame             Conj/Fire      0%         2d3       100%        4
 Yara's Violent Unravell  Hex/Tmut       0%         3d3       100%        5
 Death Channel            Necr           0%         N/A       100%        6
 Dispersal                Tloc           0%         N/A       100%        6
 Enfeeble                 Hex            0%         N/A       100%        7
 Haunt                    Necr/Summ      0%         N/A       100%        7
 Disjunction              Tloc           0%         N/A       100%        8
 Lehudib's Crystal Spear  Conj/Erth      0%         10d2      100%        8


Dungeon Overview and Level Annotations

Branches:
Dungeon (11/15)            Temple (0/1) D:7            Lair (5/5) D:8
  Swamp (0/4) Lair:3       Spider (0/4) Lair:3        Slime (0/5) Lair:4
    Orc (0/2) D:10        Ossuary (visited)          Bailey (visited)

Altars:
Cheibriados
Gozag
Hepliaklqana
Kikubaaqudgha
Makhleb
Ru
The Shining One

Shops:
D:4 ?   D:5 *

Annotations:
D:2 1 runed translucent door, Crazy Yiuf


Innate Abilities, Weirdness & Mutations

You have a pair of horns on your head.
You reflexively headbutt those who attack you in melee.
You have large cloven feet.


Message History

The fire elemental misses you.
A deep elf zephyrmancer comes into view.
It is wielding a +0 long sword.
You rampage towards the deep elf pyromancer!
You barely miss the deep elf pyromancer.
The deep elf zephyrmancer shouts!
You headbutt the deep elf pyromancer!
You closely miss the deep elf pyromancer.
You barely miss the fire elemental. The fire elemental misses you.
The deep elf pyromancer hits you but does no damage.
The deep elf zephyrmancer gestures at you while chanting.
The bolt of lightning hits you!!
The bolt of lightning hits the fire elemental!
The fire elemental resists.
You hear a shout!
You closely miss the deep elf pyromancer.
You hit the fire elemental. The fire elemental hits you.
The fire elemental burns you! You resist.
A deep elf zephyrmancer comes into view.
It is wielding a +0 dagger.
The deep elf pyromancer barely misses you.
You furiously retaliate!
You headbutt the deep elf pyromancer!
You barely miss the deep elf pyromancer.
You miss the deep elf zephyrmancer. You slice the fire elemental!!
The fire elemental hits you. The fire elemental burns you! You resist.
The deep elf zephyrmancer casts a spell.
The deep elf zephyrmancer blinks!
The deep elf pyromancer gestures wildly while chanting.
The deep elf zephyrmancer casts a spell.
The deep elf zephyrmancer blinks!
The fire elemental disappears in a puff of smoke!
The deep elf pyromancer hits you but does no damage.
The deep elf zephyrmancer casts a spell.
The deep elf zephyrmancer blinks!
The deep elf zephyrmancer points at you and mumbles some strange words.
The bolt of lightning misses you. The bolt of lightning hits you!!
* * * LOW HITPOINT WARNING * * *
The bolt of lightning hits the fire elemental!
The fire elemental resists.
The fire elemental hits you.
* * * LOW HITPOINT WARNING * * *
The fire elemental burns you! You resist.
* * * LOW HITPOINT WARNING * * *
You slice the deep elf pyromancer!!
You kill the deep elf pyromancer!
Makhleb accepts your kill.
You feel better.
The fire elemental disappears in a puff of smoke! x3
The deep elf zephyrmancer casts a spell at you.
The bolt of lightning hits you!!!
* * * LOW HITPOINT WARNING * * *
The bolt of lightning hits you!!
You die...

# # # #+# # #.# # #.# #
##.######### #
####...#.°....# #
#.......)†§##.#.####
#####.##...#)).§@.$....#
......###.##..○.)§.....#
####### #.##....°°..e..#
#.##...##.##...#
#.##..e# e.# ..#
#.##...# e.# .# .##...#
..# # #... ..#


You could see 4 deep elf zephyrmancers.

Vanquished Creatures
  Gastronok (Lair:1)
  2 dire elephants (Lair:5)
  3 hydras
  2 two-headed ogres
  A boulder beetle (Lair:3)
  9 death yaks
  A spectral dire elephant (Lair:5)
  A skyshark (Lair:4)
  A spectral anaconda (Lair:5)
  3 spectral death yaks (Lair:5)
  An obsidian statue (Lair:5)
  An orb spider (Lair:3)
  Pikel (D:8)
  A deep elf zephyrmancer (D:11)
  4 necromancers (Lair:5)
  4 deep elf pyromancers
  13 elephants
  A dire elephant zombie (Lair:5)
  6 black mambas
  Joseph (D:7)
  9 cane toads
  A torpor snail (Lair:3)
  7 rime drakes
  10 komodo dragons
  Maggie (D:7)
  2 polar bears
  2 hornets
  13 blink frogs
  Sigmund (D:3)
  31 yaks
  2 basilisks
  A golden eye (Lair:1)
  2 wyverns
  2 steam dragons
  A spectral cane toad (Lair:5)
  An acid dragon (D:9)
  11 water moccasins
  Pargi (D:3)
  2 sky beasts
  11 orc warriors
  A black bear (Lair:3)
  2 ogres
  20 wolves
  10 centaurs
  A phantom (D:7)
  7 kobold brigands
  12 bullfrogs
  2 gnoll sergeants
  A scorpion (D:6)
  A cane toad simulacrum (Lair:5)
  2 wights (D:6)
  3 killer bees (D:10)
  2 elephant simulacra (Lair:5)
  4 howler monkeys
  4 vampire bats (Lair:4)
  6 electric eels
  3 centaur zombies (Ossuary)
  3 jellies
  7 orc priests
  2 hounds (D:6)
  2 sleepcaps
  Ijyb (D:3)
  Terence (D:2)
  7 iguanas
  6 orc wizards
  4 hell rats (Lair:1)
  6 mummies (Ossuary)
  Robin (D:1)
  8 gnolls
  7 adders
  4 shadow imps
  3 white imps
  6 dart slugs
  40 orcs
  2 ball pythons
  5 endoplasms
  2 giant cockroaches
  5 hobgoblins
  3 jackals (D:4)
  25 kobolds
  5 quokkas
  6 bats
  A frilled lizard (D:1)
  15 goblins
  3 hobgoblin zombies (Ossuary)
  3 rats
432 creatures vanquished.

Vanquished Creatures (collateral kills)
  2 elephants (Lair:1)
  A yak (Lair:3)
  A basilisk (Lair:5)
  A water moccasin (Lair:1)
  A wight (D:6)
  A killer bee (D:10)
  An orc priest (D:10)
  An orc wizard (D:6)
  2 orcs (D:7)
11 creatures vanquished.

Vanquished Creatures (others)
  A sky beast (D:8)
1 creature vanquished.

Grand Total: 444 creatures vanquished

Notes
Turn   | Place    | Note
-------+----------+-------------------------------------------
     0 | D:1      | Pooter the Minotaur Monk began the quest for the Orb.
     0 | D:1      | Reached XP level 1. HP: 19/19 MP: 0/0
   258 | D:1      | Reached XP level 2. HP: 26/27 MP: 1/1
   378 | D:1      | Reached skill level 4 in Axes
   446 | D:1      | Reached skill level 1 in Stealth
   601 | D:1      | Got the Quarto of Freezing and Silt
  1168 | D:2      | Noticed Terence
  1185 | D:2      | Reached XP level 3. HP: 26/30 MP: 2/2
  1190 | D:2      | Killed Terence
  1669 | D:2      | Noticed Robin
  1685 | D:1      | Killed Robin
  1686 | D:1      | Reached XP level 4. HP: 17/40 MP: 3/3
  1853 | D:2      | Found a runed translucent door.
  1854 | D:2      | Noticed Crazy Yiuf
  1908 | D:2      | Identified the +7 short sword of the Unstoppable Moons
                  | {flame, rN+ rCorr}
  2036 | D:3      | Noticed Pargi
  2036 | D:3      | Noticed Sigmund
  2096 | D:3      | Noticed Ijyb
  2103 | D:3      | Killed Ijyb
  2104 | D:3      | Reached skill level 1 in Short Blades
  2265 | D:3      | Reached XP level 5. HP: 45/47 MP: 4/4
  2617 | D:3      | Killed Pargi
  2632 | D:3      | Killed Sigmund
  2633 | D:3      | Reached skill level 5 in Fighting
  2633 | D:3      | Reached XP level 6. HP: 50/56 MP: 5/5
  2855 | D:3      | Found a burning altar of Makhleb.
  2859 | D:3      | Became a worshipper of Makhleb the Destroyer
  2859 | D:3      | Reached * piety under Makhleb
  2859 | D:3      | Reached ** piety under Makhleb
  2950 | D:3      | Found a sacrificial altar of Ru.
  3237 | D:4      | Reached skill level 1 in Ranged Weapons
  3307 | D:4      | Found Detuo's Magic Scroll Boutique.
  3312 | D:4      | Bought a scroll of identify for 20 gold pieces
  3312 | D:4      | Bought a scroll of identify for 20 gold pieces
  3312 | D:4      | Bought a scroll of teleportation for 30 gold pieces
  3312 | D:4      | Bought a scroll of identify for 20 gold pieces
  3312 | D:4      | Bought a scroll of magic mapping for 75 gold pieces
  3312 | D:4      | Identified a scroll of acquirement
  3313 | D:4      | Acquired the ring of Nurph {rPois Will- Str+2 Dex+2 Slay+4}
  3572 | D:5      | Entered Level 5 of the Dungeon
  3604 | D:5      | Reached XP level 7. HP: 49/61 MP: 6/6
  3649 | D:5      | Found a sand-covered staircase.
  3658 | Ossuary  | Entered an ossuary
  4366 | D:5      | Reached skill level 5 in Short Blades
  4404 | D:5      | Found Teecopt's General Store.
  4406 | D:5      | Found Wodilum's Specific Store.
  4462 | D:5      | Bought a scroll of identify for 28 gold pieces
  4504 | D:5      | Reached XP level 8. HP: 70/70 MP: 7/7
  4789 | D:4      | Reached skill level 5 in Ranged Weapons
  5588 | D:4      | Bought a scroll of blinking for 75 gold pieces
  5716 | D:6      | Found a glowing golden altar of the Shining One.
  5781 | D:6      | Reached XP level 9. HP: 74/79 MP: 8/8
  5845 | D:6      | Reached *** piety under Makhleb
  6047 | D:6      | Found a snail-covered altar of Cheibriados.
  6132 | D:6      | Reached skill level 5 in Axes
  6595 | D:7      | Found a staircase to the Ecumenical Temple.
  6910 | D:7      | Noticed Joseph
  6927 | D:7      | Killed Joseph
  6928 | D:7      | Reached skill level 6 in Axes
  7086 | D:7      | Found a shimmering altar of Xom.
  7477 | D:7      | Reached **** piety under Makhleb
  7706 | D:7      | Noticed Maggie
  7720 | D:7      | Killed Maggie
  7924 | D:7      | Found a shimmering altar of Xom.
  7924 | D:7      | Found a shimmering altar of Xom.
  7924 | D:7      | Found a shimmering altar of Xom.
  7924 | D:7      | Found a shimmering altar of Xom.
  7924 | D:7      | Found a shimmering altar of Xom.
  8117 | D:5      | Bought a scroll of enchant weapon for 105 gold pieces
  8180 | D:8      | Reached skill level 7 in Axes
  8431 | D:8      | Found a transporter.
  8433 | D:8      | Found a transporter.
  8490 | D:8      | Acquired 353 gold pieces
  8547 | D:8      | Found a staircase to the Lair.
  8564 | D:8      | Noticed a two-headed ogre
  8570 | D:8      | Killed a two-headed ogre
  8571 | D:8      | Reached XP level 10. HP: 41/90 MP: 9/9
  8853 | D:8      | Found an opulent altar of Gozag.
  8942 | D:8      | Noticed an orange demon
  9239 | D:8      | Reached skill level 8 in Axes
  9435 | D:8      | Noticed Pikel
  9441 | D:8      | Killed Pikel
  9442 | D:8      | Reached skill level 10 in Short Blades
  9731 | D:9      | Noticed a deep elf pyromancer
  9736 | D:9      | Killed a deep elf pyromancer
 10024 | D:8      | Reached skill level 9 in Axes
 10028 | D:8      | Reached skill level 10 in Ranged Weapons
 10473 | D:9      | Found a hazy altar of Hepliaklqana.
 10607 | D:10     | Entered Level 10 of the Dungeon
 10668 | D:10     | Reached XP level 11. HP: 96/97 MP: 10/10
 10668 | D:10     | Found a flagged portal.
 10866 | Bailey   | Entered a bailey
 11062 | Bailey   | Found a bloodstained altar of Trog.
 11166 | D:10     | Reached skill level 10 in Axes
 11166 | D:10     | Reached skill level 1 in Invocations
 11413 | D:10     | Noticed a two-headed ogre
 11450 | D:10     | Reached ***** piety under Makhleb
 11589 | D:10     | Reached skill level 11 in Axes
 11831 | D:10     | Killed a two-headed ogre
 11832 | D:10     | Reached skill level 10 in Fighting
 11960 | D:10     | Found a staircase to the Orcish Mines.
 12140 | Lair:1   | Entered Level 1 of the Lair of Beasts
 12347 | Lair:1   | Reached skill level 12 in Axes
 12409 | Lair:1   | Noticed Gastronok
 12522 | Lair:1   | Killed Gastronok
 12523 | Lair:1   | Reached skill level 13 in Axes
 12727 | Lair:1   | Reached XP level 12. HP: 107/107 MP: 13/13
 12835 | Lair:1   | Noticed Sonja
 12881 | Lair:1   | Sonja changed into Sonja the golden eye
 12881 | Lair:1   | Noticed Sonja
 12883 | Lair:1   | Killed Sonja the golden eye
 13158 | Lair:1   | Reached skill level 14 in Axes
 13294 | Lair:1   | You fall into a shaft and drop 1 floor!
 14091 | Lair:2   | Reached skill level 15 in Axes
 14719 | Lair:3   | Reached skill level 5 in Invocations
 14884 | Lair:3   | Reached ****** piety under Makhleb
 14894 | Lair:3   | Found a staircase to the Swamp.
 14914 | Lair:3   | Found a hole to the Spider Nest.
 15479 | Lair:3   | Reached skill level 16 in Axes
 16079 | Lair:3   | Gained mutation: You are dopey. (Int -2) [potion of
                  | mutation]
 16079 | Lair:3   | Gained mutation: You are partially covered in iridescent
                  | scales. (AC +2) [potion of mutation]
 16080 | Lair:3   | Lost mutation: You are dopey. (Int -2) [potion of mutation]
 16080 | Lair:3   | Lost mutation: You are partially covered in iridescent
                  | scales. (AC +2) [potion of mutation]
 16080 | Lair:3   | Gained mutation: You are frail. (-10% HP) [potion of
                  | mutation]
 16080 | Lair:3   | Lost mutation: You are frail. (-10% HP) [potion of
                  | mutation]
 16080 | Lair:3   | Gained mutation: You have hidden genetic defects. [potion
                  | of mutation]
 16081 | Lair:3   | Lost mutation: You have hidden genetic defects. [potion of
                  | mutation]
 16081 | Lair:3   | Gained mutation: You have sharp toenails. [potion of
                  | mutation]
 16081 | Lair:3   | Gained mutation: Your mind is acute. (Int +4, Str/Dex -1)
                  | [potion of mutation]
 16082 | Lair:3   | Lost mutation: You have sharp toenails. [potion of
                  | mutation]
 16082 | Lair:3   | Lost mutation: Your mind is acute. (Int +4, Str/Dex -1)
                  | [potion of mutation]
 16082 | Lair:3   | Gained mutation: You are strong-willed. (Will+) [potion of
                  | mutation]
 16082 | Lair:3   | Gained mutation: You occasionally lose the ability to drink
                  | potions when taking damage. [potion of mutation]
 16083 | Lair:3   | Lost mutation: You are strong-willed. (Will+) [potion of
                  | mutation]
 16083 | Lair:3   | Lost mutation: You occasionally lose the ability to drink
                  | potions when taking damage. [potion of mutation]
 16083 | Lair:3   | Gained mutation: You have large cloven feet. [potion of
                  | mutation]
 16156 | Lair:3   | Noticed a boulder beetle
 16178 | Lair:3   | Killed a boulder beetle
 16179 | Lair:3   | Reached XP level 13. HP: 117/117 MP: 16/16
 16344 | Lair:3   | Identified the +6 scale mail of Hoshruen {Rampage Drain rF+
                  | Slay+6}
 16632 | Lair:4   | Found a staircase to the Slime Pits.
 17344 | Lair:4   | Found an ancient bone altar of Kikubaaqudgha.
 18206 | Lair:5   | Entered Level 5 of the Lair of Beasts
 19649 | Lair:5   | Reached skill level 17 in Axes
 20211 | Lair:5   | Reached skill level 15 in Ranged Weapons
 20577 | Lair:5   | Noticed a dire elephant
 20590 | Lair:5   | Killed a dire elephant
 20709 | Lair:5   | Reached XP level 14. HP: 127/127 MP: 18/18
 22471 | Lair:5   | Reached skill level 1 in Evocations
 23367 | Lair:5   | Got the Excursus on Sickening Sinister Ceremonies
 23712 | D:11     | Killed from afar by a deep elf zephyrmancer

Illustrated notes

Levels and vault maps discovered:
D:1:      lemuel_arrival_muddy, layout_loops_corners
D:2:      layout_rooms, uniq_terence, uniq_crazy_yiuf_cottage, uniq_robin
D:3:      layout_loops_ring, bloody_makhleb, mainiacjoe_overflow_alcove_4,
          nicolae_concentric_dashed_squares_mild, corner_web_ring,
          kennysheep_pointless_box, uniq_ijyb, uniq_pargi, uniq_sigmund
D:4:      layout_basic, serial_shops, shop
D:5:      layout_cave_pools, nicolae_ossuary_entry_ruins,
          nicolae_specific_store, corexii_item_surrounded_by_moat,
          serial_park_tiny_1
D:6:      layout_basic, kennysheep_slug_shrine, nicolae_tso_swordbearing_angel,
          minmay_manual_moon
D:7:      layout_layer_cave, xom_shifter_show, temple_green, uniq_joseph,
          uniq_maggie
D:8:      gammafunk_steamed_eel, layout_loops_cross,
          nicolae_gozag_cash_rules_everything_around_me, lair_entry_dummy,
          minivault_4, uniq_pikel
D:9:      layout_rooms, worldfamousw_hep_ancestral_shrine
D:10:     layout_gridville, david_orc_4, enter_bailey_2
D:11:     layout_loops_corners, elves_outpost_lemuel
Lair:1:   layout_roguey, minmay_stone_trees_small, infiniplex_staircase_pool_2,
          uniq_sonja, uniq_gastronok
Lair:2:   layout_misc_corridors
Lair:3:   layout_cave_pods, minmay_swamp_entry_reptiles,
          nicolae_spider_entry_orb_guardian, pdpol_lair_cavern_descent,
          grunt_megastairs_4, serial_bayou_shore_a
Lair:4:   layout_concentric_octagons, slime_entry_1, roderic_batcave,
          bh_autumn_forest_stairs, lemuel_centaur_altar, lemuel_fruit_tree
Lair:5:   due_jungle_book, layout_gridlike

Skill      XL: |  1  2  3  4  5  6  7  8  9 10 11 12 13 14 |
---------------+-------------------------------------------+-----
Axes           | 4 7 9 13 16 17 | 17.9
Stealth        | 1 2 3 |  3.6
Fighting       | 4 5 6 7 8 9 10 11 12 13 | 13.0
Short Blades   | 1 3 4 5 7 9 10 11 | 11.0
Ranged Weapons | 1 4 6 8 10 12 13 15 | 15.5
Invocations    | 3 5 7 |  7.6
Evocations     | 2 |  2.0
Dodging        | |  3.2

Action                     |  1- 3 |  4- 6 |  7- 9 | 10-12 | 13-15 || total
---------------------------+-------+-------+-------+-------+-------++-------
  Melee: Hand axe          |    73 |     8 |       |       |       ||    81
         Headbutt          |    15 |    13 |    40 |    83 |    53 ||   204
         Punch             |     1 |       |     2 |     3 |       ||     6
         Short sword       |       |    56 |   153 |   274 |     5 ||   488
         Battleaxe         |       |       |       |    91 |   165 ||   256
   Fire: Orcbow            |       |    38 |    96 |   203 |   199 ||   536
  Throw: Boomerang         |    11 |     3 |     4 |       |     3 ||    21
 Invoke: Lesser Servant of |       |       |     3 |     5 |     1 ||     9
         Major Destruction |       |       |       |       |     1 ||     1
Ability: Evoke Invisibilit |     1 |       |       |       |       ||     1
  Evoke: Wand              |       |     3 |     8 |    11 |     6 ||    28
    Use: Scroll            |     2 |     9 |    10 |    13 |     4 ||    38
         Potion            |       |       |     1 |     6 |     1 ||     8
   Stab: Sleeping          |     3 |       |       |       |       ||     3
         Invisible         |     1 |       |       |       |       ||     1
         Distracted        |       |       |     1 |     1 |     1 ||     3
         Petrified         |       |       |       |     3 |       ||     3
         Petrifying        |       |       |       |     1 |       ||     1
 Armour: Robe              |     2 |       |       |       |       ||     2
         Ring mail         |    10 |       |       |       |       ||    10
         Chain mail        |    12 |    51 |    67 |   200 |       ||   330
         Scale mail        |       |       |       |       |    86 ||    86
  Dodge: Dodged            |    36 |    36 |    75 |   187 |    96 ||   430

Table legend: (Time is in decaauts)
 A = Elapsed time spent in this place.
 B = Non-inter-level travel time spent in this place.
 C = Inter-level travel time spent in this place.
 D = Time resting spent in this place.
 E = Time spent auto-exploring this place.
 F = Levels seen in this place.
 G = Mean time per level.
                   A        B        C        D        E       F      G
               +--------+--------+--------+--------+--------+-----+--------+
         Total |  23644 |  22753 |    891 |  10047 |   9017 |  18 | 1313.6 |
       Dungeon |  11527 |  10940 |    587 |   3758 |   5367 |  11 | 1047.9 |
          Lair |  11136 |  10832 |    304 |   5671 |   3526 |   5 | 2227.2 |
       Ossuary |    698 |    698 |      0 |    544 |     78 |   1 |  698.0 |
        Bailey |    281 |    281 |      0 |     73 |     45 |   1 |  281.0 |
               +--------+--------+--------+--------+--------+-----+--------+

Top non-repeatable levels by time:
  Lair:5: 4781 daAuts
  Lair:4: 2329 daAuts
  Lair:3: 2156 daAuts
     D:8: 1864 daAuts
     D:7: 1706 daAuts
     D:1: 1325 daAuts
  Lair:1: 1203 daAuts
     D:2: 1086 daAuts
    D:10: 1045 daAuts
     D:6: 1015 daAuts
     D:9: 900 daAuts
     D:4: 879 daAuts
     D:5: 860 daAuts
     D:3: 805 daAuts
 Ossuary: 698 daAuts
